[Event "Titled Tuesday Blitz May 10 Early 2022"]
[White "Agasarov, Benik"]
[Black "Nilsen, Tobias Lang"]
[WhiteFideId "13314823"]
[BlackFideId "1521624"]
[WhiteElo "2568"]
[BlackElo "2014"]
[Result "1-0"]
[Round "04"]
[TimeControl "180+1"]
[Date "2022.05.11"]
[WhiteClock "0:01:52"]
[BlackClock "0:01:02"]

1. d4 Nf6 2. c4 e6 3. Nf3 Bb4+ 4. Bd2 Qe7 5. g3 O-O 6. Bg2 Bxd2+ 7. Nbxd2 d6 8. O-O e5 9. e4 h6 10. d5 a5 11. b3 Na6 12. a3 Nc5 13. Qc2 Bd7 14. b4 axb4 15. axb4 Na6 16. Qb2 Nh7 17. c5 f5 18. exf5 Bxf5 19. Nh4 Bd7 20. Ng6 Qg5 21. Nxf8 Rxf8 22. c6 Bc8 23. Ne4 Qh5 24. b5 Nb8 25. b6 cxb6 26. Qxb6 Bh3 27. Bxh3 Qxh3 28. c7 Nd7 29. Qxd6 Rc8 30. Rfc1 Nhf6 31. Qe6+ Qxe6 32. dxe6 Nb6 33. Nd6 Nfd5 34. Nxc8 Nxc8 35. Ra8 Ne7 36. Rd1 1-0


[Site "https://www.chess.com"]

[Event "Titled Tuesday Blitz May 10 Early 2022"]
[White "Aggelis, Nikolaos"]
[Black "Moussard, Jules"]
[WhiteFideId "4213220"]
[BlackFideId "642908"]
[WhiteElo "2564"]
[BlackElo "2824"]
[Result "0-1"]
[Round "04"]
[TimeControl "180+1"]
[Date "2022.05.11"]
[WhiteClock "0:01:19"]
[BlackClock "0:02:26"]

1. d4 d5 2. g3 Nf6 3. Nf3 c5 4. Bg2 cxd4 5. O-O Nc6 6. Nxd4 e6 7. c4 Bc5 8. Nb3 Bb6 9. c5 Bc7 10. Nc3 O-O 11. Bg5 h6 12. Bxf6 Qxf6 13. e4 dxe4 14. Bxe4 Rd8 15. Qf3 Qxf3 16. Bxf3 Bd7 17. Nb5 Ne5 18. Nxc7 Nxf3+ 19. Kg2 Rac8 20. Kxf3 Rxc7 21. Rfd1 Kf8 22. Ke3 Ke7 23. Rd4 e5 24. Rd5 f6 25. Rad1 Rdc8 26. f4 Be6 27. fxe5 Bxd5 28. Rxd5 fxe5 29. Rxe5+ Kf6 30. Rd5 Re8+ 31. Kf4 Re2 32. Nd2 Rxh2 33. b4 Re7 34. Ne4+ Kg6 35. Rd6+ Kf7 36. Kf3 Rxa2 37. Nc3 Ra3 38. Rd3 a5 39. b5 a4 40. c6 bxc6 41. bxc6 Rc7 42. Ke4 Rxc6 43. Rf3+ Kg6 0-1


[Site "https://www.chess.com"]

[Event "Titled Tuesday Blitz May 10 Early 2022"]
[White "Aldokhin, Ivan"]
[Black "Zherebtsova, Alexandra"]
[WhiteFideId "24115720"]
[BlackFideId "24129518"]
[WhiteElo "2231"]
[BlackElo "2025"]
[Result "1-0"]
[Round "04"]
[TimeControl "180+1"]
[Date "2022.05.11"]
[WhiteClock "0:01:02"]
[BlackClock "0:00:11"]

1. e4 e5 2. Nf3 Nc6 3. Bb5 a6 4. Ba4 Nf6 5. O-O Be7 6. Re1 b5 7. Bb3 d6 8. c3 O-O 9. d4 Bb7 10. Nbd2 Re8 11. Nf1 Bf8 12. Ng3 g6 13. a4 Bg7 14. axb5 axb5 15. Rxa8 Bxa8 16. Qd3 Qb8 17. Ng5 Re7 18. f4 h6 19. fxe5 dxe5 20. Nxf7 Rxf7 21. Bxf7+ Kxf7 22. d5 Ne7 23. Rf1 Kg8 24. h4 Ng4 25. Qf3 Qb6+ 26. Kh1 h5 27. Qf7+ Kh7 28. Qxe7 Nf2+ 29. Kh2 Ng4+ 30. Kh3 Nf2+ 31. Rxf2 Qxf2 32. Qxc7 Qe1 33. Bg5 1-0


[Site "https://www.chess.com"]

[Event "Titled Tuesday Blitz May 10 Early 2022"]
[White "Alekseenko, Kirill"]
[Black "Nenezic, Marko"]
[WhiteFideId "4135539"]
[BlackFideId "912123"]
[WhiteElo "2682"]
[BlackElo "2457"]
[Result "1-0"]
[Round "04"]
[TimeControl "180+1"]
[Date "2022.05.10"]
[WhiteClock "0:00:31"]
[BlackClock "0:00:15"]

1. e4 c5 2. Nf3 d6 3. d4 cxd4 4. Nxd4 Nf6 5. Nc3 a6 6. Be2 e5 7. Nb3 Be7 8. O-O O-O 9. Kh1 b6 10. Be3 Bb7 11. f3 Nbd7 12. a4 Rc8 13. Rf2 Nc5 14. Nxc5 dxc5 15. Qf1 Ra8 16. Bc4 Qc8 17. Bg5 Rd8 18. Bxf6 Bxf6 19. Nd5 Qc6 20. Rd1 Bg5 21. b3 h5 22. g3 h4 23. gxh4 Bxh4 24. Qh3 Qh6 25. Rg2 Kf8 26. Qf5 Bc8 27. Qxe5 Bh3 28. Rgg1 Re8 29. Qf4 Rab8 30. Qxh6 gxh6 31. Bxa6 Bf2 32. Rg2 Bxg2+ 33. Kxg2 Bd4 34. Bc4 f5 35. exf5 Rb7 36. f4 Rf7 37. Nxb6 Rxf5 38. Nd5 Rd8 39. Kf3 Rh5 40. a5 Rxh2 41. c3 Bg7 42. a6 Ra2 43. b4 cxb4 44. Bxa2 1-0


[Site "https://www.chess.com"]

[Event "Titled Tuesday Blitz May 10 Early 2022"]
[White "Ambartsumova, Karina"]
[Black "Zhao, Jun"]
[WhiteFideId "4166299"]
[BlackFideId "8602522"]
[WhiteElo "2561"]
[BlackElo "2824"]
[Result "0-1"]
[Round "04"]
[TimeControl "180+1"]
[Date "2022.05.11"]
[WhiteClock "0:00:05"]
[BlackClock "0:01:10"]

1. d4 Nf6 2. Nf3 d5 3. c4 e6 4. Nc3 Bb4 5. Qa4+ Nc6 6. e3 O-O 7. Bd2 a6 8. Qc2 Bd6 9. a3 dxc4 10. Bxc4 e5 11. dxe5 Nxe5 12. Nxe5 Bxe5 13. f4 Bd6 14. O-O b5 15. Bd3 c5 16. e4 c4 17. Be2 Bc5+ 18. Kh1 Ng4 19. Bxg4 Bxg4 20. Rae1 f6 21. Be3 Bxe3 22. Rxe3 Qd4 23. Rfe1 Rad8 24. Nd5 Be6 25. Ne7+ Kh8 26. Nc6 Qd2 27. Qxd2 Rxd2 28. R3e2 Rd6 29. Nb4 a5 30. Nc2 Rfd8 31. e5 fxe5 32. Rxe5 Bd7 33. h3 h6 34. Ne3 Bc6 35. Nf5 Rd2 36. R5e2 b4 37. axb4 axb4 38. Ne7 Ba4 39. Ng6+ Kh7 40. Ne5 c3 41. bxc3 bxc3 42. Nf3 Rxe2 43. Rxe2 c2 44. Re1 Rd1 0-1


[Site "https://www.chess.com"]

[Event "Titled Tuesday Blitz May 10 Early 2022"]
[White "Atakhan, Abtin"]
[Black "Petrova, Irina"]
[WhiteFideId "22502203"]
[BlackFideId "14124122"]
[WhiteElo "2094"]
[BlackElo "1993"]
[Result "1-0"]
[Round "04"]
[TimeControl "180+1"]
[Date "2022.05.11"]
[WhiteClock "0:00:20"]
[BlackClock "0:00:25"]

1. Nf3 d6 2. d4 g6 3. g3 Bg7 4. Bg2 Nc6 5. O-O Nf6 6. c4 O-O 7. Nc3 Bf5 8. Ne1 e5 9. d5 Ne7 10. Nc2 Bd7 11. e4 Ne8 12. b4 a5 13. a3 axb4 14. axb4 Rxa1 15. Nxa1 f5 16. exf5 gxf5 17. Nc2 Nf6 18. c5 Kh8 19. f4 e4 20. Be3 Bc8 21. Bd4 dxc5 22. Bxc5 Re8 23. Ne3 c6 24. dxc6 Nxc6 25. b5 Nb8 26. Qxd8 Rxd8 27. Ra1 Ng4 28. Nxg4 Bxc3 29. Rc1 Bd2 30. Bd4+ Rxd4 31. Rxc8+ Kg7 32. Ne5 Be3+ 33. Kf1 Nd7 34. Rc7 Rd1+ 35. Ke2 1-0


[Site "https://www.chess.com"]

[Event "Titled Tuesday Blitz May 10 Early 2022"]
[White "Avazkhonov, Alikhon"]
[Black "Ardila, Oscar Humberto"]
[WhiteFideId "14208504"]
[BlackFideId "4404742"]
[WhiteElo "1739"]
[BlackElo "1928"]
[Result "1-0"]
[Round "04"]
[TimeControl "180+1"]
[Date "2022.05.11"]
[WhiteClock "0:01:32"]
[BlackClock "0:01:35"]

1. f4 Nf6 2. Nf3 g6 3. g3 Bg7 4. Bg2 O-O 5. O-O d6 6. d3 Nbd7 7. e4 c5 8. Nc3 a6 9. h3 Qc7 10. g4 Rb8 11. Qe1 b5 12. g5 Nh5 13. Nd5 Qd8 14. f5 Bb7 15. Nh2 Bxd5 16. exd5 Bd4+ 17. Kh1 Be5 18. Rf3 Nb6 19. Ng4 Bd4 20. c3 Bg7 21. f6 exf6 22. gxf6 Bxf6 23. Nxf6+ Nxf6 24. Bg5 Nbd7 25. Qh4 Kg7 26. Raf1 h6 27. Qxh6+ Kg8 28. Rxf6 Nxf6 29. Bxf6 1-0


[Site "https://www.chess.com"]

[Event "Titled Tuesday Blitz May 10 Early 2022"]
[White "Bachmann, Axel"]
[Black "Bashirli, Nail"]
[WhiteFideId "3700488"]
[BlackFideId "13406809"]
[WhiteElo "2587"]
[BlackElo "2333"]
[Result "1-0"]
[Round "04"]
[TimeControl "180+1"]
[Date "2022.05.11"]
[WhiteClock "0:00:52"]
[BlackClock "0:00:04"]

1. e4 c5 2. Nf3 d6 3. d4 cxd4 4. Nxd4 Nf6 5. Nc3 Nc6 6. Bg5 Bd7 7. Qd2 Rc8 8. O-O-O Qa5 9. Nb3 Qb6 10. f4 e6 11. e5 Ng4 12. exd6 Nf2 13. Na4 Qb4 14. Qxf2 Qxa4 15. f5 Nb4 16. fxe6 fxe6 17. Bd3 Nxa2+ 18. Kb1 Nb4 19. Rhf1 Qa2+ 20. Kc1 Nxd3+ 21. Rxd3 1-0


[Site "https://www.chess.com"]

[Event "Titled Tuesday Blitz May 10 Early 2022"]
[White "Ballester Llagaria, Luis Eduardo"]
[Black "Sailer, Mike"]
[WhiteFideId "2297620"]
[BlackFideId "2012901"]
[WhiteElo "2344"]
[BlackElo "2109"]
[Result "1-0"]
[Round "04"]
[TimeControl "180+1"]
[Date "2022.05.11"]
[WhiteClock "0:00:28"]
[BlackClock "0:00:22"]

1. e4 d5 2. exd5 Qxd5 3. Nf3 Bg4 4. Be2 Nc6 5. d4 O-O-O 6. Be3 Nf6 7. h3 Bxf3 8. Bxf3 Qa5+ 9. c3 Qa6 10. Be2 Qa5 11. Nd2 e6 12. b4 Qf5 13. b5 Nb8 14. Qa4 Nd5 15. Qxa7 Nxc3 16. Bf3 Nd5 17. O-O Bd6 18. Nc4 Nxe3 19. Nb6+ cxb6 20. Qxb7# 1-0


[Site "https://www.chess.com"]

[Event "Titled Tuesday Blitz May 10 Early 2022"]
[White "Bas Mas, Jose Joaquin"]
[Black "Cramling Bellon, Anna"]
[WhiteFideId "22219064"]
[BlackFideId "32009232"]
[WhiteElo "2233"]
[BlackElo "1905"]
[Result "1/2-1/2"]
[Round "04"]
[TimeControl "180+1"]
[Date "2022.05.11"]
[WhiteClock "0:00:18"]
[BlackClock "0:00:03"]

1. e4 c5 2. Nc3 Nc6 3. Bb5 e6 4. Bxc6 dxc6 5. f4 g6 6. Nf3 Bg7 7. O-O Ne7 8. d3 O-O 9. Qe1 b6 10. Qh4 Ba6 11. f5 exf5 12. Bg5 f6 13. Bh6 c4 14. Bxg7 Kxg7 15. dxc4 Bxc4 16. Rfe1 Re8 17. exf5 Bf7 18. fxg6 hxg6 19. Rad1 Qc7 20. Ne4 g5 21. Nfxg5 fxg5 22. Qxg5+ Ng6 23. Qf6+ Kf8 24. Ng5 Qf4 25. Nh7+ Kg8 26. Qxf4 Rxe1+ 27. Rxe1 Nxf4 28. Nf6+ Kg7 29. Nd7 Rd8 30. Ne5 Re8 31. g3 Ng6 32. Nd3 Rxe1+ 33. Nxe1 Ne5 34. a3 Bd5 35. Kf2 Kg6 36. h3 Kg5 37. b3 Be4 38. c4 c5 39. Ke3 Bc6 40. Nc2 a6 41. Ne1 b5 42. cxb5 axb5 43. b4 cxb4 44. axb4 Nc4+ 45. Kd4 Nd2 46. Kc5 Bd7 47. Nd3 Bxh3 48. Kxb5 Bf1 49. Kc5 Bxd3 50. b5 Nf3 51. b6 Ne5 52. b7 Nd7+ 53. Kd4 Bf5 54. Kd5 Kg4 55. Kd6 Kxg3 56. Kc7 Kf4 57. b8=Q Nxb8 58. Kxb8 1/2-1/2


[Site "https://www.chess.com"]

[Event "Titled Tuesday Blitz May 10 Early 2022"]
[White "Bashirli, Saadat"]
[Black "Toncheva, Nadya"]
[WhiteFideId "13429990"]
[BlackFideId "2924056"]
[WhiteElo "1173"]
[BlackElo "1888"]
[Result "1-0"]
[Round "04"]
[TimeControl "180+1"]
[Date "2022.05.11"]
[WhiteClock "0:00:18"]
[BlackClock "0:00:02"]

1. e4 c5 2. Nf3 e6 3. c4 Nc6 4. Nc3 e5 5. Nd5 g6 6. d3 Bg7 7. Be2 Nge7 8. O-O O-O 9. Be3 d6 10. Nd2 h6 11. f4 exf4 12. Bxf4 Nxd5 13. exd5 Nd4 14. Ne4 Re8 15. Bf3 Be5 16. Bxh6 Qh4 17. Bg5 Qxh2+ 18. Kf2 Nf5 19. Bf6 Bg3+ 20. Ke2 Qh6 21. Qd2 Qxd2+ 22. Kxd2 Bf4+ 23. Kc3 Be5+ 24. Bxe5 Rxe5 25. g4 Ne3 26. Rfe1 Nxg4 27. Bxg4 f5 28. Nxd6 Rxe1 29. Rxe1 Bd7 30. Re7 Rd8 31. Bf3 Kf8 32. Rf7+ Kg8 33. Nxb7 Kxf7 34. Nxd8+ Ke7 35. Nc6+ Bxc6 36. dxc6 Kd6 37. d4 cxd4+ 38. Kxd4 g5 39. b4 g4 40. Bd5 f4 41. Ke4 f3 42. Ke3 Kc7 43. a4 a5 44. b5 Kb6 45. c5+ Kc7 46. b6+ Kb8 47. c7+ Kc8 48. Be6+ Kb7 49. c8=Q# 1-0


[Site "https://www.chess.com"]

[Event "Titled Tuesday Blitz May 10 Early 2022"]
[White "Beerdsen, Thomas"]
[Black "Clarke, Brandon G I"]
[WhiteFideId "1030108"]
[BlackFideId "400319"]
[WhiteElo "2585"]
[BlackElo "2414"]
[Result "0-1"]
[Round "04"]
[TimeControl "180+1"]
[Date "2022.05.10"]
[WhiteClock "0:00:04"]
[BlackClock "0:00:07"]

1. e4 c5 2. Nf3 d6 3. d4 cxd4 4. Nxd4 Nf6 5. Nc3 a6 6. a3 e5 7. Nf5 d5 8. Bg5 d4 9. Bxf6 Qxf6 10. Nd5 Qc6 11. f4 g6 12. Nxd4 exd4 13. Qxd4 f6 14. Nxf6+ Kf7 15. Bc4+ Be6 16. Nd5 Bg7 17. Qd3 Rd8 18. O-O Qc5+ 19. Kh1 Nc6 20. c3 Ne7 21. Rad1 Nxd5 22. f5 gxf5 23. exd5 Bd7 24. d6+ Kf8 25. Ba2 Re8 26. Qf3 Re5 27. Qh5 Be8 28. Qxh7 Bf7 29. d7 Rd8 30. Bxf7 Kxf7 31. Rde1 Rxe1 32. Rxe1 Rxd7 33. Qh5+ Kf6 34. Qh4+ Kg6 35. Qg3+ Kf7 36. Qf3 Re7 37. Qh5+ Kf8 38. Rd1 Qd5 39. Rf1 Re5 40. h3 Qe6 41. Qh4 Kg8 42. a4 b5 43. axb5 axb5 44. b4 Re4 45. Qd8+ Kf7 46. Qd1 Bxc3 47. Qh5+ Kg7 48. Qg5+ Qg6 49. Qc1 Bxb4 50. Qc7+ Be7 51. Qc3+ Qf6 52. Qg3+ Kf7 53. Qf3 Re5 54. Qh5+ Qg6 55. Qd1 Kg7 56. Qa1 Qf6 57. Qa7 Re4 58. Qf2 Qe5 59. Qc2 Re1 60. Rxe1 Qxe1+ 61. Kh2 Bd6+ 0-1


[Site "https://www.chess.com"]

[Event "Titled Tuesday Blitz May 10 Early 2022"]
[White "Bilych, Olexiy"]
[Black "Navalgund, Niranjan"]
[WhiteFideId "14156504"]
[BlackFideId "5030854"]
[WhiteElo "2176"]
[BlackElo "2290"]
[Result "1-0"]
[Round "04"]
[TimeControl "180+1"]
[Date "2022.05.11"]
[WhiteClock "0:01:13"]
[BlackClock "0:00:10"]

1. e4 e5 2. Nf3 Nc6 3. Bc4 Nf6 4. d3 h6 5. O-O d6 6. a4 a5 7. c3 g5 8. Nbd2 Bg7 9. h3 g4 10. hxg4 Bxg4 11. Bb5 h5 12. Nc4 h4 13. Ne3 Bd7 14. Nf5 Bxf5 15. exf5 Qd7 16. d4 e4 17. d5 exf3 18. Qxf3 Nxd5 19. Qxd5 O-O-O 20. Bg5 Rde8 21. Rfe1 Re5 22. Rxe5 Bxe5 23. f4 Bg7 24. f6 Bf8 25. Re1 Rg8 26. Bd3 Kb8 27. Bf5 Qd8 28. Qxf7 Bh6 29. Bxh6 h3 30. Bg5 hxg2 31. Kxg2 d5 32. Qe6 d4 33. f7 Rxg5+ 34. fxg5 Qxg5+ 35. Bg4 dxc3 36. f8=Q+ Ka7 37. Qf2+ b6 38. Qxc6 Qxg4+ 39. Qg3 Qxg3+ 40. Kxg3 cxb2 41. Re8 1-0


[Site "https://www.chess.com"]

[Event "Titled Tuesday Blitz May 10 Early 2022"]
[White "Bintang, Rasyid A. Hidayat"]
[Black "Mirzoev, Azer"]
[WhiteFideId "7105355"]
[BlackFideId "13400304"]
[WhiteElo "2437"]
[BlackElo "2525"]
[Result "1-0"]
[Round "04"]
[TimeControl "180+1"]
[Date "2022.05.11"]
[WhiteClock "0:01:10"]
[BlackClock "0:00:08"]

1. d4 d5 2. Bf4 c6 3. e3 Qb6 4. Qc1 Bf5 5. c4 e6 6. c5 Qa5+ 7. Nc3 Nd7 8. a3 e5 9. b4 Qc7 10. Bg3 f6 11. Nf3 Nh6 12. Qb2 Nf7 13. Be2 Be7 14. O-O O-O 15. b5 Rfe8 16. a4 a5 17. b6 Qd8 18. Rfd1 e4 19. Nd2 Be6 20. f4 Nh6 21. Nb3 Bg4 22. h3 Bxe2 23. Nxe2 Nf5 24. Bf2 Ra6 25. Qd2 Qa8 26. Be1 h5 27. Ng3 Nxg3 28. Bxg3 f5 29. Be1 g5 30. g3 gxf4 31. gxf4 Kh7 32. Kh2 Rg8 33. Qe2 Kh6 34. Bf2 Nf8 35. Rg1 Ng6 36. Rg2 Nh4 37. Bxh4 Bxh4 38. Rag1 1-0


[Site "https://www.chess.com"]

[Event "Titled Tuesday Blitz May 10 Early 2022"]
[White "Bluebaum, Matthias"]
[Black "Matinian, Nikita"]
[WhiteFideId "24651516"]
[BlackFideId "24129100"]
[WhiteElo "2556"]
[BlackElo "2422"]
[Result "1-0"]
[Round "04"]
[TimeControl "180+1"]
[Date "2022.05.10"]
[WhiteClock "0:00:22"]
[BlackClock "0:00:03"]

1. d4 Nf6 2. c4 g6 3. Nc3 Bg7 4. e4 d6 5. Nf3 O-O 6. Be2 e5 7. Be3 Nc6 8. d5 Ne7 9. Nd2 Kh8 10. c5 Nfg8 11. Nc4 f5 12. f3 Bh6 13. Qd2 Bxe3 14. Qxe3 f4 15. Qf2 g5 16. cxd6 cxd6 17. Nb5 Rf6 18. Nxa7 Bd7 19. Qb6 Qb8 20. Nb5 Nc8 21. Qd8 Bxb5 22. Nxe5 dxe5 23. Bxb5 Qa7 24. Qc7 Qe3+ 25. Be2 Nd6 26. Qc3 Rc8 27. Qxe3 fxe3 28. Bd3 Ne7 29. Ke2 Ng6 30. g3 g4 31. Rhf1 Rxf3 32. Rxf3 gxf3+ 33. Kxf3 Nf8 34. Kxe3 Nd7 35. b4 Nc4+ 36. Ke2 Nb2 37. a4 Rc3 38. Bb5 Nf6 39. d6 Nc4 40. d7 Re3+ 41. Kf2 Nxe4+ 42. Kg1 Rd3 43. Bxc4 Rxd7 44. Bf1 Nd2 45. Bg2 e4 46. Kf2 Nb3 47. Re1 Rd2+ 48. Re2 Rxe2+ 49. Kxe2 Nc1+ 50. Ke3 Nd3 51. Bxe4 Nxb4 52. Bxb7 Kg7 53. a5 Kf6 54. a6 1-0


[Site "https://www.chess.com"]

[Event "Titled Tuesday Blitz May 10 Early 2022"]
[White "Bok, Benjamin"]
[Black "Gharibyan, Mamikon"]
[WhiteFideId "1017063"]
[BlackFideId "13308300"]
[WhiteElo "2658"]
[BlackElo "2254"]
[Result "1-0"]
[Round "04"]
[TimeControl "180+1"]
[Date "2022.05.10"]
[WhiteClock "0:00:08"]
[BlackClock "0:00:06"]

1. d4 Nf6 2. c4 e6 3. Nc3 d5 4. cxd5 exd5 5. Bg5 c6 6. e3 h6 7. Bh4 Be6 8. Qb3 Qb6 9. Bxf6 Qxb3 10. axb3 gxf6 11. Bd3 Bd6 12. Nf3 Nd7 13. Ke2 Rg8 14. g3 Bg4 15. h3 Be6 16. Nh4 Ke7 17. Nf5+ Bxf5 18. Bxf5 Nf8 19. Kd3 Ne6 20. h4 a6 21. Rhe1 Ng7 22. Bh3 f5 23. Ne2 Kf6 24. Rec1 Ne6 25. Rc2 Ng7 26. Nc1 Nh5 27. Ne2 Ke6 28. Rf1 Nf6 29. Nc1 Ne4 30. Rg1 Kf6 31. Ke2 f4 32. exf4 Bxf4 33. Nd3 Bd6 34. b4 Rae8 35. Kd1 Re7 36. Re2 Rge8 37. Rge1 Kg7 38. Kc2 Kf8 39. Bf5 Kg7 40. Bxe4 dxe4 41. Nc5 f5 42. Kb3 h5 43. Kc4 Kf6 44. Re3 Rd8 45. R1e2 Bxc5 46. bxc5 Red7 47. Rd2 Rd5 48. f3 exf3 49. Rxf3 R8d7 50. b4 Re7 51. Rff2 Re4 52. Rd3 Rg4 53. Rf4 Rxf4 54. gxf4 Rd7 55. Rg3 Rg7 56. Rg5 Re7 57. Rxh5 Re4 58. Rh7 Rxf4 59. Rxb7 Rxh4 60. Rb6 f4 61. Rxc6+ Kg5 62. Rxa6 f3 63. Ra1 Kf4 64. b5 f2 65. b6 Rg4 66. Rf1 Ke3 67. b7 Rxd4+ 68. Kb5 Rd2 69. Ka6 Rb2 70. c6 Ke2 71. Rxf2+ Kxf2 72. c7 Ra2+ 73. Kb6 Rb2+ 74. Kc6 Rc2+ 75. Kd6 Rd2+ 76. Ke6 Re2+ 77. Kf6 Rc2 78. c8=Q 1-0


[Site "https://www.chess.com"]

[Event "Titled Tuesday Blitz May 10 Early 2022"]
[White "Bommini, Mounika Akshaya"]
[Black "Stevens, Christian"]
[WhiteFideId "25019872"]
[BlackFideId "2604450"]
[WhiteElo "1671"]
[BlackElo "2472"]
[Result "0-1"]
[Round "04"]
[TimeControl "180+1"]
[Date "2022.05.11"]
[WhiteClock "0:00:02"]
[BlackClock "0:00:23"]

1. d4 Nf6 2. c4 e6 3. Nc3 d5 4. cxd5 exd5 5. Bg5 c6 6. e3 Be7 7. Bd3 Bg4 8. Qb3 Qb6 9. Nge2 Bxe2 10. Nxe2 Nbd7 11. O-O O-O 12. Ng3 g6 13. Qd1 Rfe8 14. Qf3 Kg7 15. Qf4 Ng8 16. Bxe7 Rxe7 17. h4 Ndf6 18. h5 Nh6 19. Qg5 Rae8 20. hxg6 hxg6 21. b3 Qd8 22. b4 Rh8 23. b5 cxb5 24. Bxb5 Qd6 25. Rac1 a6 26. Bd3 Ree8 27. Rc3 Rc8 28. Rfc1 Rxc3 29. Rxc3 Qd7 30. Rc5 Qg4 31. Qxg4 Nhxg4 32. Rc7 b5 33. Kf1 Rb8 34. Ke2 a5 35. Ra7 b4 36. Rxa5 b3 37. axb3 Rxb3 38. f3 Rb2+ 39. Kd1 Nxe3+ 40. Kc1 Rxg2 41. Ne2 Rf2 42. Kd2 Nf1+ 43. Ke1 Rxf3 44. Bc2 Nh2 45. Ra6 Nhg4 46. Kd2 Rf2 47. Bd3 Ne4+ 48. Ke1 Rf3 0-1


[Site "https://www.chess.com"]

[Event "Titled Tuesday Blitz May 10 Early 2022"]
[White "Bortnyk, Olexandr"]
[Black "Csonka, Balazs"]
[WhiteFideId "14120828"]
[BlackFideId "742910"]
[WhiteElo "2723"]
[BlackElo "2404"]
[Result "1-0"]
[Round "04"]
[TimeControl "180+1"]
[Date "2022.05.10"]
[WhiteClock "0:00:15"]
[BlackClock "0:00:04"]

1. d4 Nf6 2. Nc3 e6 3. e4 d5 4. Bg5 Be7 5. Bxf6 Bxf6 6. Nf3 O-O 7. Bd3 dxe4 8. Nxe4 Bxd4 9. Nxd4 Qxd4 10. Qh5 g6 11. Qg5 Qxb2 12. O-O Qg7 13. Rfe1 Nd7 14. Rad1 b6 15. Bb5 f5 16. Ng3 Nc5 17. h4 e5 18. Rd5 f4 19. Ne4 Nxe4 20. Rxe4 Bb7 21. Rd7 Rf7 22. Bc4 Bxe4 23. Rxf7 Qxf7 24. Bxf7+ Kxf7 25. Qxe5 Re8 26. Qxf4+ Kg7 27. f3 Bf5 28. g4 Be6 29. Qxc7+ Kg8 30. Qxa7 Bd5 31. Qxb6 Bxa2 32. Qc6 Bf7 33. c4 Re1+ 34. Kf2 Rc1 35. c5 h6 36. Qd6 Rc2+ 37. Kg3 Be8 38. Qd8 Kf7 39. Qd5+ Kg7 40. Qe5+ Kf7 41. Qf4+ Kg7 42. Qe4 1-0


[Site "https://www.chess.com"]

[Event "Titled Tuesday Blitz May 10 Early 2022"]
[White "Broca Jimenez, Fernando"]
[Black "Olsen, Filip Boe"]
[WhiteFideId "5104742"]
[BlackFideId "1440640"]
[WhiteElo "2062"]
[BlackElo "2247"]
[Result "0-1"]
[Round "04"]
[TimeControl "180+1"]
[Date "2022.05.11"]
[WhiteClock "0:01:43"]
[BlackClock "0:02:19"]

1. e4 c6 2. d4 d5 3. Nc3 dxe4 4. Nxe4 Bf5 5. Ng3 Bg6 6. h4 h6 7. h5 Bh7 8. Nf3 Nf6 9. Bd3 Bxd3 10. Qxd3 e6 11. Bf4 Qa5+ 12. Bd2 Bb4 13. c3 Bd6 14. Ne4 Nxe4 15. Qxe4 Nd7 16. Bf4 Nf6 17. Qe3 Nd5 18. Bxd6 Nxe3 19. fxe3 O-O-O 20. Bb4 Qf5 21. O-O-O Qe4 22. Rhe1 f6 23. Re2 Qg4 24. Rh1 Rd7 25. e4 Rhd8 26. Kd1 e5 27. Ke1 exd4 28. cxd4 Rxd4 29. Nxd4 Rxd4 30. Bc3 Rxe4 31. Rxe4 Qxe4+ 32. Kf2 Qc2+ 33. Kg3 Qf5 34. Rh4 b6 35. Kh2 Qg5 36. Kh3 f5 37. g3 a5 38. Be5 Kb7 39. Bf4 Qf6 40. Bc1 Qe5 41. Rf4 Qe1 42. Rxf5 Qxc1 43. Rf7+ Ka6 44. Rxg7 Qxb2 45. Rg6 Qd2 46. Rxc6 Qg5 47. g4 Qe3+ 48. Kh4 Qf2+ 49. Kh3 Qf3+ 50. Kh2 Qxc6 0-1


[Site "https://www.chess.com"]

[Event "Titled Tuesday Blitz May 10 Early 2022"]
[White "Carlsen, Magnus"]
[Black "Yilmaz, Mustafa"]
[WhiteFideId "1503014"]
[BlackFideId "6302718"]
[WhiteElo "2832"]
[BlackElo "2568"]
[Result "1/2-1/2"]
[Round "04"]
[TimeControl "180+1"]
[Date "2022.05.10"]
[WhiteClock "0:00:10"]
[BlackClock "0:00:14"]

1. d4 Nf6 2. Nf3 d5 3. g3 e6 4. Bg2 c5 5. O-O Nc6 6. e3 Be7 7. Qe2 O-O 8. Rd1 b6 9. dxc5 bxc5 10. c4 Ba6 11. b3 Qb6 12. Nc3 Rfd8 13. Na4 Qc7 14. Nd2 Rab8 15. Bb2 d4 16. Ne4 Nxe4 17. Bxe4 Bb7 18. Ba3 dxe3 19. Qxe3 Nd4 20. Bb2 Bf6 21. Bxb7 Rxb7 22. Rd3 Qc6 23. Rad1 Rbd7 24. Bxd4 Bxd4 25. Qe2 h5 26. h4 g6 27. Kh2 f5 28. f4 Re8 29. Nc3 Red8 30. Nb5 Kf7 31. Nxd4 Rxd4 32. Rxd4 Rxd4 33. Rxd4 cxd4 34. Kg1 Qc5 35. Kf1 Kf6 36. Qf3 Qa3 37. Qe2 Qc1+ 38. Kf2 Qc3 39. Qe5+ Kf7 40. c5 Qc2+ 41. Kf3 d3 42. Qc7+ Kf6 43. Qd8+ Kf7 44. Qd7+ Kf6 45. Qd8+ Kf7 46. Qd7+ Kf6 47. Qd8+ 1/2-1/2


[Site "https://www.chess.com"]

[Event "Titled Tuesday Blitz May 10 Early 2022"]
[White "Carrasco Miranda, Andres"]
[Black "Kosteniuk, Alexandra"]
[WhiteFideId "3405990"]
[BlackFideId "4128125"]
[WhiteElo "2177"]
[BlackElo "2469"]
[Result "0-1"]
[Round "04"]
[TimeControl "180+1"]
[Date "2022.05.11"]
[WhiteClock "0:00:15"]
[BlackClock "0:01:43"]

1. d4 Nf6 2. c4 e6 3. g3 d5 4. Bg2 dxc4 5. Nf3 Nc6 6. Qa4 Bb4+ 7. Bd2 Bd6 8. Qxc4 O-O 9. O-O e5 10. dxe5 Nxe5 11. Nxe5 Bxe5 12. Bc3 Be6 13. Qh4 Bxc3 14. Nxc3 c6 15. e4 Qa5 16. Rfd1 Rad8 17. h3 h6 18. a3 Qg5 19. Qxg5 hxg5 20. f4 gxf4 21. gxf4 Bb3 22. Rxd8 Rxd8 23. e5 Nh5 24. f5 Rd2 25. Ne4 Rxb2 26. Nd6 Nf4 27. Bf1 Bd5 28. Rd1 Ne2+ 29. Bxe2 Rxe2 30. e6 fxe6 31. fxe6 Rxe6 32. Nxb7 Re3 33. a4 Rxh3 34. Kf2 Kf7 35. Re1 Rf3+ 36. Kg1 Rf4 37. Nd6+ Kg6 38. Nc8 Rxa4 39. Re7 Kf6 40. Rc7 a5 41. Kf2 Ra1 42. Ke3 a4 43. Kd4 a3 44. Ra7 a2 45. Nb6 Rd1+ 0-1


[Site "https://www.chess.com"]

[Event "Titled Tuesday Blitz May 10 Early 2022"]
[White "Cherniaiev, Tykhon"]
[Black "Batsiashvili, Nino"]
[WhiteFideId "14182360"]
[BlackFideId "13602993"]
[WhiteElo "2289"]
[BlackElo "2193"]
[Result "1-0"]
[Round "04"]
[TimeControl "180+1"]
[Date "2022.05.11"]
[WhiteClock "0:00:20"]
[BlackClock "0:00:13"]

1. Nf3 d5 2. c4 d4 3. b4 g5 4. Qb3 g4 5. Nxd4 Qxd4 6. Bb2 Qd6 7. Bxh8 f6 8. e3 a5 9. c5 Qe6 10. Bc4 Qe4 11. Bxg8 e6 12. Nc3 Qxg2 13. Rf1 axb4 14. Qxb4 Na6 15. Qe4 Qxe4 16. Nxe4 f5 17. Nf6+ Ke7 18. Nxh7 Nxc5 19. Bf6+ Ke8 20. Bd4 Bd6 21. Ng5 Ke7 22. Bxc5 Bxc5 23. Rc1 Bd6 24. f3 Bd7 25. Bxe6 Bxe6 26. Nxe6 Kxe6 27. fxg4 fxg4 28. Rc4 Rxa2 29. Rxg4 Bxh2 30. Ke2 Bd6 31. Rg6+ Kd5 32. Rf5+ Kc6 33. e4 Kd7 34. e5 Bb4 35. Rf7+ Ke8 36. Rxc7 Rxd2+ 37. Ke3 Rb2 38. Rg8+ Bf8 39. Rc8+ Ke7 40. Rcxf8 1-0


[Site "https://www.chess.com"]

[Event "Titled Tuesday Blitz May 10 Early 2022"]
[White "Chernomordik, Pavel"]
[Black "Quirke, Jeffrey"]
[WhiteFideId "2804530"]
[BlackFideId "2013029"]
[WhiteElo "2220"]
[BlackElo "2145"]
[Result "1-0"]
[Round "04"]
[TimeControl "180+1"]
[Date "2022.05.11"]
[WhiteClock "0:00:48"]
[BlackClock "0:00:04"]

1. e4 e5 2. Nf3 Nf6 3. Nc3 Nc6 4. d4 exd4 5. Nxd4 Bc5 6. Nb3 Bb6 7. Bg5 h6 8. Bh4 d6 9. Qe2 Be6 10. O-O-O Qe7 11. f3 O-O-O 12. Qb5 g5 13. Bg3 Nh5 14. Be1 Be3+ 15. Bd2 Bxd2+ 16. Rxd2 Nf6 17. Nd4 Nxd4 18. Rxd4 d5 19. Qa5 Kb8 20. Ra4 a6 21. Bxa6 b6 22. Qb4 Qxb4 23. Rxb4 dxe4 24. fxe4 Nd7 25. Rf1 Nc5 26. Bc4 Rhe8 27. Bxe6 fxe6 28. e5 Nd7 29. Re4 Rf8 30. Rd1 Nc5 31. Rxd8+ Rxd8 32. Re2 Rf8 33. Kd2 Rf5 34. Nb5 Nd7 35. Nd4 Rxe5 36. Nc6+ 1-0


[Site "https://www.chess.com"]